 Dungeon Crawl Stone Soup version 0.22-a0-553-g9358b0b (webtiles) character file.

70 iamserjio the Chopper (level 4, -1/28 HPs)
             Began as a Gargoyle Fighter on June 25, 2018.
             Slain by a river rat (3 damage)
             ... on level 3 of the Dungeon.
             The game lasted 00:02:07 (258 turns).

iamserjio the Chopper (Gargoyle Fighter)             Turns: 258, Time: 00:02:08

Health: -1/28      AC: 10    Str: 22 (24) XL:     4   Next: 22%
Magic:  4/4        EV:  7    Int:  6 (8)  God:
Gold:   43         SH:  9    Dex:  8 (10) Spells: 3/3 levels left

rFire    . . .     SeeInvis .   a - +0 war axe
rCold    . . .     Gourm    .   c - +0 shield
rNeg     + . .     Faith    .   b - +0 scale mail
rPois    ∞         Spirit   .   (no helmet)
rElec    +         Reflect  .   (no cloak)
rCorr    .         Harm     .   (no gloves)
MR       .....                  (no boots)
Stlth    ..........             (no amulet)
HPRegen  0.09/turn              e - +4 ring of strength
MPRegen  0.09/turn              (no ring)

@: very slow
A: negative energy resistance 1, electricity resistance, unbreathing,
petrification resistance, rot immunity, AC +3
a: no special abilities


You were on level 3 of the Dungeon.
You were not hungry.

You visited 1 branch of the dungeon, and saw 3 of its levels.

You collected 43 gold pieces.

Inventory:

Hand Weapons
 a - a +0 war axe (weapon)
Armour
 b - a +0 scale mail (worn)
 c - a +0 shield (worn)
Jewellery
 e - a +4 ring of strength (left hand)
Scrolls
 g - 3 scrolls of identify {unknown}
 h - a scroll of immolation {unknown}
Potions
 d - a potion of might
Comestibles
 f - a ration


   Skills:
 - Level 3.2 Fighting
 + Level 4.0 Axes
 - Level 3.2 Armour
 - Level 3.2 Shields


You had 3 spell levels left.
You didn't know any spells.
Your spell library was empty.

Dungeon Overview and Level Annotations

Branches:
Dungeon (3/15)

Altars:


Innate Abilities, Weirdness & Mutations

You are resistant to torment.
Your stone body is resilient. (AC +3)
You are immune to poison.
You resist negative energy. (rN+)
You are resistant to electric shocks. (rElec)
You can survive without breathing.
You are immune to petrification.
You are immune to rotting.


Message History

You see here an adder corpse.
Found a bubbling red potion.
i - a bubbling red potion You enter the shallow water.
Moving in this stuff is going to be slow.
You hear the rusting of a drain.
A river rat comes into view.
The river rat moves out of view.
A rat comes into view.
The river rat bites you.
* * * LOW HITPOINT WARNING * * *
It was a potion of degeneration.
There was something very wrong with that liquid.
You feel weakened.
You feel dopey.
You feel clumsy.
The river rat bites you but does no damage.
Your unstable footing causes you to fumble your attack.
You block the river rat's attack.
The river rat bites you but does no damage.
You hit the river rat but do no damage. The river rat bites you.
You die...

## #≈ #≈ ≈##
# ≈≈# #≈##≈#
#≈≈≈≈#
########
####≈#≈#
#......#
#≈@rr≈≈#
#.####.#
#≈########.#
#.#
#≈≈≈≈≈≈≈≈††#
#.#
#####≈#≈#≈†.#
#.#
#..≈≈≈≈≈.≈.##
#.#
#....≈.....#
#.#
#....(.....#
#.#
######.#####
#.# #.# #.#


You could see a river rat and a rat.

Vanquished Creatures
  A gnoll (D:1)
  2 river rats (D:3)
  4 adders (D:3)
  2 goblins (D:1)
  A frilled lizard (D:2)
  A rat (D:2)
11 creatures vanquished.

Notes
Turn   | Place    | Note
-------+----------+-------------------------------------------
     0 | D:1      | iamserjio the Gargoyle Fighter began the quest for the Orb.
     0 | D:1      | Reached XP level 1. HP: 14/14 MP: 1/1
    11 | D:1      | Reached skill level 2 in Axes
    11 | D:1      | Reached XP level 2. HP: 11/19 MP: 2/2
    75 | D:3      | Reached skill level 3 in Axes
   193 | D:3      | Reached XP level 3. HP: 20/23 MP: 3/3
   219 | D:3      | Reached XP level 4. HP: 5/28 MP: 4/4
   223 | D:3      | HP: 1/28 [adder (3)]
   230 | D:3      | Reached skill level 4 in Axes
   254 | D:3      | HP: 1/28 [river rat (4)]
   258 | D:3      | Slain by a river rat

Vault maps used:
D:1:      dpeg_arrival_shelter, hangedman_abyss_or_decor_lesser_grid,
          okawaru_ov_weapons_minmay
D:2:      nicolae_overflow_crystal_walls, overflow_temple_1_default,
          lemuel_crystal_altar, serial_park_tiny_1
D:3:      lemuel_round_altar, lightli_sewer_entry_pipes, minmay_fountain_box

Skill      XL: |  1  2  3  4 |
---------------+-------------+-----
Axes           | 2 3 4 |  4.0
Fighting       | |  3.2
Armour         | |  3.2
Shields        | |  3.2

Action                   |  1- 3 |  4- 6 || total
-------------------------+-------+-------++-------
Melee: War axe           |    51 |    13 ||    64
  Use: Potion            |       |     1 ||     1
Armor: Scale mail        |    33 |     6 ||    39
Dodge: Dodged            |    17 |     4 ||    21
Block: Shield            |    32 |    11 ||    43

Table legend:
 A = Spawn XP
 B = Non-spawn XP
 C = Spawn XP percentage of total XP
 D = Spawn monster count
 E = Non-spawn monster count
 F = Spawn count percentage of total count
 G = Total turns spent on level
                    A         B        C        D         E        F      G
               +---------+---------+-------+---------+---------+-------+---------
         Total |       0 |     101 |   0.0 |       0 |      11 |   0.0 |   258
               +---------+---------+-------+---------+---------+-------+---------
           D:1 |       0 |      18 |   0.0 |       0 |       3 |   0.0 |    49
           D:2 |       0 |       2 |   0.0 |       0 |       2 |   0.0 |    20
           D:3 |       0 |      81 |   0.0 |       0 |       6 |   0.0 |   189
               +---------+---------+-------+---------+---------+-------+---------
